 Dungeon Crawl Stone Soup version 0.29-a0-350-g7790a0e70a (webtiles) character file.

Game seed: 3718648460554841403

120 Hubjo the Firebug (level 4, -1/26 HPs)
             Began as a Deep Elf Fire Elementalist on Apr 22, 2022.
             Was a Follower of Ru.
             Slain by an adder (4 damage)
             ... on level 2 of the Dungeon.
             The game lasted 00:06:53 (2750 turns).

Hubjo the Firebug (Deep Elf Fire Elementalist)      Turns: 2750, Time: 00:06:54

Health: -1/26      AC:  3    Str:  5    XL:     4   Next: 75%
Magic:  12/12      EV: 13    Int: 20    God:    Ru [*.....]
Gold:   69         SH:  0    Dex: 17    Spells: 10/11 levels left

rFire   . . .      SeeInvis .   i - +0 short sword (venom)
rCold   . . .      Faith    .   (no shield)
rNeg    . . .      Spirit   .   a - +0 robe
rPois   .          Reflect  .   (no helmet)
rElec   .          Harm     .   (no cloak)
rCorr   .          Rampage  .   k - +0 pair of gloves
Will    .....                   (no boots)
Stlth   +++.......              (no amulet)
HPRegen 0.08/turn               (no ring)
MPRegen 0.13/turn               (no ring)

@: no status effects
A: inability to train armour
a: Renounce Religion


You were on level 2 of the Dungeon.
You worshipped Ru.
Ru was aware of your devotion.
You visited 1 branch of the dungeon, and saw 3 of its levels.

You collected 69 gold pieces.

Inventory:

Hand Weapons
 i - a +0 short sword of venom (weapon)
Armour
 a - a +0 robe (worn)
 k - a +0 pair of gloves (worn)
Scrolls
 d - a scroll of fog {unknown}
 h - 2 scrolls of enchant armour
 j - 2 scrolls of teleportation
 l - 2 scrolls of identify
Potions
 b - 2 potions of magic
 c - a potion of ambrosia {unknown}
 f - a potion of lignification {unknown}
 m - a potion of resistance {unknown}
 n - 3 potions of curing {unknown}


   Skills:
 * Level 2.1 Fighting
 - Level 2.4 Dodging
 + Level 3.7 Stealth
 + Level 4.0 Spellcasting
 - Level 1.1 Conjurations
 + Level 4.0 Fire Magic


You had 10 spell levels left.
You knew the following spells:

 Your Spells              Type           Power      Damage    Failure   Level
a - Foxfire               Conj/Fire      56%        2x1d6     4%          1

Your spell library contained the following spells:

 Spells                   Type           Power      Damage    Failure   Level
 Scorch                   Fire           40%        2d7       3%          2
 Conjure Flame            Conj/Fire      14%        6-21      14%         3
 Inner Flame              Hex/Fire       12%        N/A       17%         3
 Flame Wave               Conj/Fire      14%        2d6       41%         4


Dungeon Overview and Level Annotations

Branches:
Dungeon (3/15)

Altars:
Ru


Innate Abilities, Weirdness & Mutations

You cannot train Armour skill.


Message History

Your Spellcasting skill increases to level 4!
You miss the adder. The adder bites you but does no damage.
The dart slug bites you. The adder bites you. The rat bites you.
You are too injured to fight recklessly!
You are too injured to fight recklessly!
You are too injured to fight recklessly!
You are too injured to fight recklessly!
You are too injured to fight recklessly!
You are too injured to fight recklessly!
You are too injured to fight recklessly!
You are too injured to fight recklessly!
You are too injured to fight recklessly!
The rat attacks as you move away! The rat bites you.
The adder attacks as you move away! The adder bites you. x2
* * * LOW HITPOINT WARNING * * *
You miss the adder. The adder barely misses you.
You hit the adder.
The adder is heavily wounded.
The adder barely misses you. The adder closely misses you.
You hit the adder but do no damage.
The adder is poisoned.
The adder is heavily wounded.
The adder bites you.
* * * LOW HITPOINT WARNING * * *
The dart slug begins to attack, but is stunned by your conviction!
You miss the adder.
The adder is heavily wounded.
The adder closely misses you. The adder barely misses you.
You barely miss the adder.
The adder is severely wounded.
The adder bites you.
* * * LOW HITPOINT WARNING * * *
You barely miss the adder.
The adder is severely wounded.
The adder bites you.
* * * LOW HITPOINT WARNING * * *
The adder barely misses you.
You barely miss the adder.
The adder is severely wounded.
The adder bites you.
You die...

#### #.. ..# #.#
#.###
#####.#####.#.## #.
......##....#####
#.###...............
#.........#....#
#.........#.#@##
#.##.......#S#
##.##.###.###r#
#.....# #.# #w#
#..#### #.##.†.#
#..######.#.....#
#................#
#....####.........#
##
#.......'.........'.
..


You could see an adder (poisoned), a dart slug and a rat.

Vanquished Creatures
  4 gnolls (D:2)
  2 adders (D:2)
  2 worms (D:2)
  A dart slug (D:2)
  An orc (D:3)
  4 ball pythons (D:1)
  2 bats
  9 endoplasms
  A giant cockroach (D:2)
  4 goblins
  3 hobgoblins
  9 jackals
  6 kobolds
  A frilled lizard (D:1)
  2 rats
51 creatures vanquished.

Vanquished Creatures (others)
  123 foxfires
123 creatures vanquished.

Grand Total: 174 creatures vanquished

Notes
Turn   | Place    | Note
-------+----------+-------------------------------------------
     0 | D:1      | Hubjo the Deep Elf Fire Elementalist began the quest for
                  | the Orb.
     0 | D:1      | Reached XP level 1. HP: 10/10 MP: 6/6
   100 | D:1      | Found a faded altar of an unknown god.
   112 | D:1      | Prayed at the altar of an unknown god.
   112 | D:1      | Became a worshipper of Ru the Awakened
   113 | D:1      | Gained mutation: You cannot train Armour skill. [Ru
                  | sacrifice]
   113 | D:1      | Reached * piety under Ru
   294 | D:1      | Reached XP level 2. HP: 16/16 MP: 4/8
   540 | D:1      | Reached skill level 1 in Fighting
   981 | D:1      | Reached XP level 3. HP: 16/20 MP: 5/9
  1730 | D:2      | You fall into a shaft and drop 1 floor!
  2391 | D:2      | Reached XP level 4. HP: 26/26 MP: 11/11
  2750 | D:2      | Slain by an adder

Illustrated notes

Levels and vault maps discovered:
D:1:      doesnt_arrival_eight_statues, layout_rooms,
          hellmonk_ecumenical_altar_heavens_door, minmay_cut_off
D:2:      layout_loops_corners
D:3:      layout_rooms, mainiacjoe_overflow_alcove_2

Skill      XL: |  1  2  3  4 |
---------------+-------------+-----
Fighting       | 1 2 |  2.1
Stealth        | 3 |  3.7
Fire Magic     | 4 |  4.0
Spellcasting   | 4 |  4.0
Dodging        | |  2.4
Conjurations   | |  1.1

Action                   |  1- 3 |  4- 6 || total
-------------------------+-------+-------++-------
Melee: Unarmed           |     3 |       ||     3
       Short sword       |    36 |    47 ||    83
 Cast: Foxfire           |    79 |       ||    79
Invok: Sacrifice Durabil |     1 |       ||     1
  Use: Scroll            |     6 |       ||     6
       Potion            |     1 |     1 ||     2
 Stab: Sleeping          |     4 |     1 ||     5
Armor: Robe              |    12 |     6 ||    18
Dodge: Dodged            |    40 |    41 ||    81

Table legend: (Time is in decaauts)
 A = Elapsed time spent in this place.
 B = Non-inter-level travel time spent in this place.
 C = Inter-level travel time spent in this place.
 D = Time resting spent in this place.
 E = Time spent auto-exploring this place.
 F = Levels seen in this place.
 G = Mean time per level.
                   A        B        C        D        E       F      G
               +--------+--------+--------+--------+--------+-----+--------+
         Total |   2768 |   2718 |     50 |    567 |   1640 |   3 |  922.7 |
       Dungeon |   2768 |   2718 |     50 |    567 |   1640 |   3 |  922.7 |
               +--------+--------+--------+--------+--------+-----+--------+

Top non-repeatable levels by time:
     D:2: 1387 daAuts
     D:1: 1335 daAuts
     D:3: 45 daAuts
